 Dungeon Crawl Stone Soup version 0.19.1-1-g22dce08 (webtiles) character file.

129 somonday the Magician (level 4, -1/30 HPs)
             Began as a Mummy Fire Elementalist on Jan 19, 2017.
             Was a Follower of Vehumet.
             Slain by a hobgoblin
             ... wielding a +0 club
              (2 damage)
             ... on level 3 of the Dungeon.
             The game lasted 00:12:44 (3280 turns).

somonday the Magician (Mummy Fire Elementalist)     Turns: 3280, Time: 00:12:45

Health: -1/30      AC:  2    Str: 11    XL:     4   Next: 88%
Magic:  2/10       EV: 12    Int: 15    God:    Vehumet [*.....]
Gold:   142        SH:  0    Dex: 12    Spells: 1 memorised, 10 levels left

rFire  x . .     SeeInvis .     g - +0 whip
rCold  + . .     Gourm    .     a - +0 robe
rNeg   + + +     Faith    .     (no shield)
rPois  ∞         Spirit   .     (no helmet)
rElec  .         Reflect  .     (no cloak)
rCorr  .         Harm     .     (no gloves)
MR     .....                    (no boots)
Stlth  ++........               (no amulet)
                                (no ring)
                                (no ring)

@: no status effects
A: no food or potions, fire vulnerability, cold resistance 1, negative energy
resistance 3, torment resistance, unbreathing
a: Renounce Religion


You were on level 3 of the Dungeon.
You worshipped Vehumet.
Vehumet was aware of your devotion.
You were not hungry.

You visited 1 branch of the dungeon, and saw 3 of its levels.

You collected 142 gold pieces.

Inventory:

Hand Weapons
 g - a +0 whip (weapon)
Armour
 a - a +0 robe (worn)
Scrolls
 c - 3 scrolls of enchant armour {unknown}
 d - 2 scrolls of identify {unknown}
 e - a scroll of immolation {unknown}
 f - 3 scrolls of magic mapping {unknown}
 h - 2 scrolls of noise {unknown}
 i - a scroll of remove curse {unknown}
 j - a scroll of fog {unknown}
Books
 b - a book of Flames

   Spells                             Type                      Level
   a - Flame Tongue                   Conjuration/Fire             1
   b - Throw Flame                    Conjuration/Fire             2
   c - Conjure Flame                  Conjuration/Fire             3
   d - Inner Flame                    Hexes/Fire                   3
   e - Sticky Flame                   Conjuration/Fire             4
   f - Fireball                       Conjuration/Fire             5


   Skills:
 - Level 1.5 Dodging
 - Level 1.5 Stealth
 - Level 4.3 Spellcasting
 + Level 0.7 Conjurations
 - Level 3.0 Fire Magic


You had 10 spell levels left.
You knew the following spells:

 Your Spells              Type           Power        Failure   Level  Hunger
a - Flame Tongue          Conj/Fire      #....        12%         1    N/A

Dungeon Overview and Level Annotations

Branches:
Dungeon (3/15)

Altars:
Dithmenos
Vehumet

Annotations:
D:3 Ijyb; Zleub's ghost, novice HuFi


Innate Abilities, Weirdness & Mutations

You do not eat or drink.
Your flesh is vulnerable to fire.
You are immune to poison.
Your flesh is cold resistant. (rC+)
You are immune to negative energy. (rN+++)
You are immune to unholy pain and torment.
You can survive without breathing.


Message History

* * * LOW HITPOINT WARNING * * *
Casting: Flame Tongue
Confirm with . or Enter, or press ? or * to list all spells.
Aiming: Flame Tongue
Press: ? - help, Shift-Dir - straight line, f - hobgoblin, p - Ijyb
Aim: a hobgoblin, wielding a club The flame tongue hits the hobgoblin.
The hobgoblin appears unharmed.
The bat hits you but does no damage. The bat closely misses you.
Ijyb barely misses you. The hobgoblin closely misses you.
Casting: Flame Tongue
Confirm with . or Enter, or press ? or * to list all spells.
Aiming: Flame Tongue
Press: ? - help, Shift-Dir - straight line, f/p - hobgoblin
Aim: a hobgoblin, wielding a club The flame tongue hits the hobgoblin.
The hobgoblin appears unharmed.
The bat closely misses you. The bat hits you but does no damage.
Ijyb hits you with an enchanted club.
* * * LOW HITPOINT WARNING * * *
The hobgoblin hits you with a club.
You die...

#.# #.... .#.#
#.......# #..
#.##.# ##...####
#### #...... ##W##
####.### #.# #.
########.# #.
#........##### #.
#.###.........
##g##
#.##........##
#..@###.#.#.#...#.#
#..bgW......#..##.#
#...###.#.#.#..##.#
##### #.##.....##.
#.. ....###. ####
.... .. ###


You could see Ijyb, Zleub's ghost, a hobgoblin and a bat.

Vanquished Creatures
  6 adders (D:3)
  An ooze (D:1)
  A worm (D:3)
  3 dart slugs (D:1)
  2 leopard geckos
  An orc (D:3)
  4 giant cockroaches
  5 goblins
  8 hobgoblins
  4 jackals (D:2)
  8 kobolds
  A quokka (D:3)
  2 ball pythons
  7 bats
  4 frilled lizards
  6 rats
63 creatures vanquished.

Notes
Turn   | Place    | Note
-------+----------+-------------------------------------------
     0 | D:1      | somonday the Mummy Fire Elementalist began the quest for the Orb.
     0 | D:1      | Reached XP level 1. HP: 13/13 MP: 3/3
   595 | D:1      | Reached XP level 2. HP: 19/19 MP: 1/5
  1572 | D:1      | Reached XP level 3. HP: 24/24 MP: 1/7
  1866 | D:2      | Reached skill level 3 in Spellcasting
  1909 | D:2      | Found a radiant altar of Vehumet.
  1964 | D:2      | Became a worshipper of Vehumet
  2503 | D:3      | Reached XP level 4. HP: 30/30 MP: 3/9
  2685 | D:3      | Reached * piety under Vehumet
  2685 | D:3      | Offered knowledge of Shock by Vehumet.
  2782 | D:3      | Reached skill level 4 in Spellcasting
  3156 | D:3      | Found a shadowy altar of Dithmenos.
  3212 | D:3      | Noticed Zleub's ghost (novice HuFi)
  3231 | D:3      | Noticed Ijyb
  3280 | D:3      | HP: 1/30 [Ijyb/enchanted club (6)]
  3280 | D:3      | Slain by a hobgoblin

Skill      XL: |  1  2  3  4 |
---------------+-------------+-----
Fire Magic     | 3 |  3.0
Spellcasting   | 3 4 |  4.3
Dodging        | |  1.5
Stealth        | |  1.5
Conjurations   | |  0.7

Action                   |  1- 3 |  4- 6 || total
-------------------------+-------+-------++-------
Melee: Unarmed           |    10 |       ||    10
       Whip              |    22 |     3 ||    25
 Cast: Flame Tongue      |    75 |    60 ||   135
Armor: Robe              |    14 |     9 ||    23
Dodge: Dodged            |    39 |    28 ||    67
